 Dungeon Crawl Stone Soup version 0.30.1-9-gdf580d7c3d (webtiles) character file.

Game seed: 10392362015886550150

408 Amplified the Trooper (level 6, -2/47 HPs)
             Began as a Mummy Gladiator on Sept 27, 2023.
             Was a Follower of Uskayaw.
             Killed by divine providence
             ... invoked by an orc priest
              (13 damage)
             ... on level 5 of the Dungeon.
             The game lasted 00:07:41 (4317 turns).

Amplified the Trooper (Mummy Gladiator)             Turns: 4317, Time: 00:07:42

Health: -2/47      AC:  6    Str: 20    XL:     6   Next: 57%
Magic:  7/10       EV: 16    Int:  7    God:    Uskayaw [*.....]
Gold:   161        SH:  0    Dex: 13    Spells: 11/11 levels left

rFire   . . .        j - staff of fire
rCold   + . .        l - orb {*channel}
rNeg    + + +        f - +0 ring mail
rPois   ∞            c - +0 helmet
rElec   .            (no cloak)
rCorr   .            (no gloves)
SInv    .            (no boots)
Will    .....        (no amulet)
Stlth   +            h - +5 ring of evasion
HPRegen 0.27/turn    (no ring)
MPRegen 0.12/turn

%: faith, channel magic (20%)
@: no status effects
A: cold resistance 1, negative energy resistance 3, torment resistance 2, heat
vulnerability 1, in touch with death 1, no potions, faith
a: Renounce Religion, Stomp


You were on level 5 of the Dungeon.
You worshipped Uskayaw.
Uskayaw was noncommittal.
You visited 1 branch of the dungeon, and saw 5 of its levels.

You collected 161 gold pieces.

Inventory:

Hand Weapons
 d - a +0 flail of protection
Armour
 b - a +0 leather armour
 c - a +0 helmet (worn)
 f - a +0 ring mail (worn)
 l - an orb of energy (worn)
Magical Staves
 j - a staff of fire (weapon)
Jewellery
 h - a +5 ring of evasion (left hand)
Scrolls
 i - a scroll of silence
 k - a scroll of magic mapping
 n - a scroll of amnesia
 o - a scroll of immolation
 p - a scroll of noise


   Skills:
 + Level 3.6 Fighting
 - Level 3.0(3.3) Maces & Flails
 * Level 2.0(2.8) Staves
 - Level 1.5 Throwing
 - Level 3.0 Dodging
 * Level 3.0 Spellcasting
 * Level 1.9 Fire Magic
 * Level 1.4 Invocations


You had 11 spell levels left.
You didn't know any spells.
Your spell library was empty.

Dungeon Overview and Level Annotations

Branches:
Dungeon (5/15)
 Temple: D:4-7

Altars:
Uskayaw

Shops:
D:3 !

Annotations:
D:4 Eustachio


Innate Abilities, Weirdness & Mutations

You are immune to poison.
Your flesh is cold resistant. (rC+)
You are immune to negative energy. (rN+++)
You are immune to unholy pain and torment.
You are vulnerable to heat. (rF-)
You are in touch with the powers of death.
You do not drink.
You have a special connection with the divine. (Faith)


Message History

You miss the orc wizard. The orc wizard barely misses you.
You are too confused!
Unknown command.
You closely miss the orc wizard.
The orc wizard hits you but does no damage.
You bump into the rock wall.
The orc wizard hits you with a +0 dagger.
You hit the orc wizard.
The orc wizard is moderately wounded.
You feel less confused. The orc wizard closely misses you.
You stomp with the beat, sending a shockwave through the revellers around you!
The orc wizard is severely wounded.
You can no longer stomp with the beat.
The orc wizard hits you but does no damage.
You can now stomp with the beat.
You hit the orc wizard but do no damage.
The orc wizard is severely wounded.
The orc wizard hits you with a +0 dagger.
Unknown command.
Unknown command.
Unknown command.
You closely miss the orc wizard.
The orc wizard is severely wounded.
The orc wizard hits you but does no damage.
You hit the orc wizard but do no damage.
The orc wizard is severely wounded.
The orc wizard misses you.
You barely miss the orc wizard.
The orc wizard is severely wounded.
The orc priest mumbles some strange prayers to Beogh against you.
Beogh smites you! The orc wizard casts a spell at you.
The puff of flame misses you.
The orc wizard points at you and mumbles some strange words.
The magic dart hits you.
* * * LOW HITPOINT WARNING * * *
The orc priest calls down the wrath of Beogh upon you.
Beogh smites you!
You die...

##
###
#.
...
..#.#
.#.##
...
#.#
#@#
#o#
#o#
#.#
#.#
#.#
#.#
#..


You could see an orc priest and an orc wizard.

Vanquished Creatures
  A kobold brigand (D:4)
  A hound (D:4)
  A jelly (D:4)
  Terence (D:2)
  An iguana (D:3)
  6 gnolls
  5 adders
  A worm (D:4)
  2 dart slugs
  11 orcs
  4 ball pythons
  8 bats
  8 endoplasms
  3 giant cockroaches
  7 goblins
  8 hobgoblins
  6 kobolds
  5 quokkas
  3 frilled lizards
  6 rats
88 creatures vanquished.

Vanquished Creatures (collateral kills)
  An orc wizard (D:4)
1 creature vanquished.

Grand Total: 89 creatures vanquished

Notes
Turn   | Place    | Note
-------+----------+-------------------------------------------
     0 | D:1      | Amplified the Mummy Gladiator began the quest for the Orb.
     0 | D:1      | Reached XP level 1. HP: 16/16 MP: 1/1
   113 | D:1      | Reached XP level 2. HP: 21/22 MP: 2/2
   424 | D:1      | Found a faded altar of an unknown god.
   472 | D:1      | Prayed at the altar of an unknown god.
   472 | D:1      | Became a worshipper of Uskayaw the Reveller
   472 | D:1      | Reached * piety under Uskayaw
   477 | D:1      | Reached ** piety under Uskayaw
   971 | D:2      | Gained mutation: You are in touch with the powers of death.
                  | [Mummy growth]
   971 | D:2      | Reached XP level 3. HP: 26/28 MP: 3/3
   979 | D:2      | Noticed Terence
  1002 | D:2      | Killed Terence
  1042 | D:2      | Reached XP level 4. HP: 35/35 MP: 4/4
  1680 | D:3      | Found Civiguna's Distillery.
  1719 | D:3      | Reached skill level 1 in Spellcasting
  1802 | D:3      | Reached skill level 1 in Staves
  2053 | D:4      | Reached XP level 5. HP: 35/41 MP: 7/7
  2125 | D:3      | Reached skill level 1 in Fire Magic
  3595 | D:4      | Reached XP level 6. HP: 42/47 MP: 9/9
  3874 | D:4      | Reached skill level 1 in Invocations
  4094 | D:4      | Noticed Eustachio
  4294 | D:5      | Entered Level 5 of the Dungeon
  4317 | D:5      | Killed from afar by an orc priest

Illustrated notes

Levels and vault maps discovered:
D:1:      lightli_arrival_quake, layout_basic,
          hellmonk_ecumenical_altar_run_dry, serial_forest,
          infiniplex_forest_straight_2, infiniplex_forest_clump_diagonal,
          infiniplex_forest_clump_double, infiniplex_forest_side_room,
          infiniplex_forest_lined_ring, infiniplex_forest_straight_3,
          infiniplex_forest_diagonal, infiniplex_forest_lined_2,
          infiniplex_forest_end_1
D:2:      layout_rooms, uniq_terence
D:3:      kb_forest_paths, layout_basic, serial_shops, shop_fountains,
          nicolae_kite_square_tiling_tiny, minmay_misc_feat_secret_circle
D:4:      layout_cave_pods, uniq_eustachio
D:5:      layout_loops_ring, doesnt_xom_only_xom, kennysheep_mini

Skill      XL: |  1  2  3  4  5  6 |
---------------+-------------------+-----
Maces & Flails | 3 |  3.0
Dodging        | 3 |  3.0
Fighting       | 3 |  3.6
Spellcasting   | 1 2 3 |  3.0
Staves         | 1 2 |  2.0
Fire Magic     | 1 |  1.9
Invocations    | 1 |  1.4
Throwing       | |  1.5

Action                     |  1- 3 |  4- 6 || total
---------------------------+-------+-------++-------
  Melee: Flail             |    89 |     6 ||    95
         Staff             |       |   318 ||   318
         Punch             |       |     1 ||     1
  Throw: Throwing net      |     3 |     2 ||     5
         Javelin           |       |     4 ||     4
 Invoke: Stomp             |       |    16 ||    16
    Use: Scroll            |       |    13 ||    13
   Stab: Held in net/web   |     1 |       ||     1
         Sleeping          |       |     1 ||     1
 Armour: Ring mail         |    42 |   103 ||   145
  Dodge: Dodged            |    68 |   273 ||   341
